 Dungeon Crawl Stone Soup version 0.29.1-13-g9f3cf754e1 (webtiles) character file.

Game seed: 2921468930343927760

5 croobank the Sneak (level 1, -9/16 HPs)
             Began as an Octopode Delver on Jan 25, 2023.
             Killed from afar by a steam dragon (14 damage)
             ... with a ball of steam
             ... on level 5 of the Dungeon.
             The game lasted 00:01:37 (172 turns).

croobank the Sneak (Octopode Delver)                 Turns: 172, Time: 00:01:38

Health: -9/16      AC:  1    Str: 11    XL:     1   Next: 80%
Magic:  1/1        EV: 13    Int: 12    God:
Gold:   39         SH:  0    Dex: 13    Spells: 0/0 levels left

rFire   . . .      SeeInvis .   a - +0 hand axe
rCold   . . .      Faith    .   (no shield)
rNeg    . . .      Spirit   .   (helmet restricted)
rPois   .          Reflect  .   (no amulet)
rElec   .          Harm     .   (no ring)
rCorr   .          Rampage  .   (no ring)
Will    .....                   (no ring)
Stlth   ++++......              (no ring)
HPRegen 0.05/turn               (no ring)
MPRegen 0.07/turn               (no ring)
                                (no ring)
                                (no ring)

@: no status effects
A: almost no armour, amphibious, 8 rings, camouflage 1, gelatinous body 1,
(nimble swimmer 1), tentacles
a: no special abilities


You were on level 5 of the Dungeon.
You visited 1 branch of the dungeon, and saw 3 of its levels.

You collected 39 gold pieces.

Inventory:

Hand Weapons
 a - a +0 hand axe (weapon)
Magical Staves
 g - a staff of poison
 h - a staff of earth
Wands
 f - a wand of digging (2)
Potions
 e - a potion of haste
 i - a potion of curing {unknown}
 k - a potion of flight {unknown}


   Skills:
 + Level 3.1 Fighting
 + Level 2.1 Axes
 + Level 2.1 Dodging
 + Level 6.7 Stealth


You couldn't memorise any spells.
You didn't know any spells.
Your spell library was empty.

Dungeon Overview and Level Annotations

Branches:
Dungeon (7/15)
 Temple: D:4-7

Altars:
Vehumet


Innate Abilities, Weirdness & Mutations

You cannot wear most types of armour.
You are amphibious.
You can wear up to eight rings at the same time.
Your skin changes colour to match your surroundings (Stealth+).
Your rubbery body absorbs attacks. (AC +1, EV +1)
((You are camouflaged when in or above water. (Stealth+)))
You have tentacles for arms and can constrict up to eight enemies at once.


Message History

There is a stone staircase leading down here.
Found 9 gold pieces.
Found 12 gold pieces.
Found a stone staircase leading up.
There is a stone staircase leading up here.
You climb upwards.
Found an escape hatch in the floor.
There is a stone staircase leading down here.
There are monsters nearby!
Found 9 gold pieces.
The orc wizard casts a spell at you. The magic dart hits you.
Okay, then.
The ufetubus hits you. x3; The ufetubus misses you.
You hit the ufetubus. You grab the ufetubus. You squeeze the ufetubus.
You kill the ufetubus!
As you read the scroll of fear, it crumbles to dust.
You assume a fearsome visage.
The orc wizard looks frightened!
The orc wizard mumbles some strange words.
The orc wizard flickers and vanishes!
Deactivating autopickup; reactivate with Ctrl-A.
As you read the scroll labelled SIEKHIRAEZ, it crumbles to dust.
It is a scroll of amnesia.
You feel forgetful for a moment.
That's the wrong kind of item! (Use * to select it.) Evoke which item? (* to show all) (? for menu, Esc to quit)
Huh?
Evoke which item? (* to show all) (? for menu, Esc to quit)
Okay, then.
Aiming: Dig
Press: ? - help, Shift-Dir - straight line A rock wall.
The rock shatters into small pieces.
A steam dragon comes into view.
The steam dragon hisses angrily.
As you read the scroll of fog, it crumbles to dust.
The scroll dissolves into smoke.
The steam dragon breathes steam at you. The ball of steam hits you!
Ouch! That really hurt!
You die...

.....#. #...####
...#..>..#####
...o..........#########
#..##......>..........#
...........##.........#
..###.....##§....$...#
.. ###.###§########## .
#.##@## #.#§## #§D##
#§# #.. ..# ... #.. #.


You could see a steam dragon (catching breath).

Vanquished Creatures
  An ufetubus (D:5)
1 creature vanquished.

Vanquished Creatures (others)
  4 plants (D:5)
4 creatures vanquished.

Grand Total: 5 creatures vanquished

Notes
Turn   | Place    | Note
-------+----------+-------------------------------------------
     0 | D:5      | croobank the Octopode Delver began the quest for the Orb.
     0 | D:5      | Reached XP level 1. HP: 16/16 MP: 1/1
    85 | D:6      | Found a radiant altar of Vehumet.
   153 | D:5      | Noticed an orc wizard
   168 | D:5      | Noticed a steam dragon
   172 | D:5      | Killed from afar by a steam dragon

Illustrated notes

Levels and vault maps discovered:
D:5:      layout_rooms, minmay_temple_entry_arrows, serial_bayou_crossing
D:6:      layout_basic, lemuel_crystal_altar, uniq_blork_the_orc
D:7:      layout_basic, enter_bailey_8

Action                   || total
-------------------------++-------
Melee: Hand axe          ||     1
       Constrict         ||     1
       Tentacles         ||     1
Evoke: Wand              ||     1
  Use: Scroll            ||     4
Dodge: Dodged            ||     1
